 Dungeon Crawl Stone Soup version 0.22.1-6-g1668fe2c40 (webtiles) character file.

69 raksom the Cudgeler (level 4, 0/40 HPs)
             Began as a Minotaur Berserker on Jan 26, 2019.
             Was a Follower of Trog.
             Slain by a kobold
             ... wielding a +0 dagger
              (4 damage)
             ... on level 2 of the Dungeon.
             The game lasted 00:05:08 (1582 turns).

raksom the Cudgeler (Minotaur Berserker)            Turns: 1582, Time: 00:05:08

Health: 0/40       AC:  0    Str: 23    XL:     4   Next: 2%
Magic:  12/12      EV: 12    Int:  4    God:    Trog [*.....]
Gold:   76         SH:  0    Dex:  9    Spells: 3/3 levels left

rFire    . . .     SeeInvis .   a - +0 mace
rCold    . . .     Gourm    .   (no shield)
rNeg     . . .     Faith    .   (no armour)
rPois    +         Spirit   .   (helmet restricted)
rElec    .         Reflect  .   (no cloak)
rCorr    .         Harm     .   (no gloves)
MR       .....                  (no boots)
Stlth    +.........             (no amulet)
HPRegen  0.13/turn              d - ring of magical power
MPRegen  0.13/turn              h - ring of poison resistance

@: no status effects
A: retaliatory headbutt, horns 2
a: Berserk, Renounce Religion


You were on level 2 of the Dungeon.
You worshipped Trog.
Trog was aware of your devotion.
You were not hungry.

You visited 1 branch of the dungeon, and saw 3 of its levels.

You collected 76 gold pieces.

Inventory:

Hand Weapons
 a - a +0 mace (weapon)
 l - a +0 hunting sling
Missiles
 i - 130 stones (quivered)
Armour
 b - a +0 animal skin
 m - a +0 ring mail
Jewellery
 d - a ring of magical power (left hand)
 h - a ring of poison resistance (right hand)
Scrolls
 e - 3 scrolls of identify
 g - 2 scrolls of remove curse {unknown}
 k - a scroll of teleportation {unknown}
Comestibles
 c - a ration
 f - a chunk of flesh


   Skills:
 - Level 3.8 Fighting
 + Level 5.8 Maces & Flails
 - Level 2.4 Armour
 - Level 2.2 Dodging


You had 3 spell levels left.
You didn't know any spells.
Your spell library was empty.

Dungeon Overview and Level Annotations

Branches:
Dungeon (3/15)

Altars:
Elyvilon


Innate Abilities, Weirdness & Mutations

You reflexively headbutt those who attack you in melee.
You have a pair of horns on your head.


Message History

The jackal bites you. The rat bites you. The jackal bites you.
* * * LOW HITPOINT WARNING * * *
The kobold completely misses you.
There is a stone staircase leading up here.
You can't go down here!
The jackal bites you.
* * * LOW HITPOINT WARNING * * *
The rat barely misses you. The kobold misses you.
You climb upwards.
There is a stone staircase leading down here.
The rat bites you.
* * * LOW HITPOINT WARNING * * *
The kobold hits you with a dagger.
* * * LOW HITPOINT WARNING * * *
The jackal barely misses you. The rat bites you.
* * * LOW HITPOINT WARNING * * *
The kobold hits you with a dagger.
You die...

######## ####### #......#
#.....# #......# #.....#
#..K...# ##.....# #.@h>..#
######......###..r...#
.....................#
.#####......###......#
.###...#..#.##########
.##....###...###
#......#≈≈...≈≈# ###########
......##≈.r♣..≈###.........#
...####.........##.........#


You could see a jackal, a kobold and a rat.

Vanquished Creatures
  Ijyb (D:3)
  An adder (D:2)
  A dart slug (D:2)
  A ball python (D:1)
  A giant cockroach (D:2)
  6 goblins
  6 hobgoblins
  6 kobolds
  3 bats
  A frilled lizard (D:2)
  2 rats
29 creatures vanquished.

Notes
Turn   | Place    | Note
-------+----------+-------------------------------------------
     0 | D:1      | raksom the Minotaur Berserker began the quest for the Orb.
     0 | D:1      | Reached XP level 1. HP: 19/19 MP: 0/0
   217 | D:1      | Reached skill level 4 in Maces & Flails
   219 | D:1      | Reached XP level 2. HP: 11/27 MP: 1/1
   979 | D:2      | Reached XP level 3. HP: 28/33 MP: 2/2
   986 | D:2      | Reached skill level 5 in Maces & Flails
  1315 | D:2      | Found a white marble altar of Elyvilon.
  1560 | D:3      | Noticed Ijyb
  1573 | D:3      | Killed Ijyb
  1573 | D:3      | Reached XP level 4. HP: 25/40 MP: 3/3
  1582 | D:2      | Slain by a kobold

Skill      XL: |  1  2  3 |
---------------+----------+-----
Maces & Flails | 4 5 |  5.8
Fighting       | |  3.8
Armour         | |  2.4
Dodging        | |  2.2

Action                   |  1- 3 |  4- 6 || total
-------------------------+-------+-------++-------
Melee: Mace              |    56 |       ||    56
       Headbutt          |     4 |       ||     4
Throw: Stone             |    32 |       ||    32
  Use: Scroll            |     1 |       ||     1
       Potion            |     1 |       ||     1
  Eat: Chunk             |     2 |       ||     2
Armor: Animal skin       |     7 |       ||     7
Dodge: Dodged            |    49 |     5 ||    54
